 Dungeon Crawl Stone Soup version 0.22-a0-455-ga0624bf62c (webtiles) character file.

228 Kriby the Poker (level 6, -7/58 HPs)
             Began as a Merfolk Skald on June 5, 2018.
             Was an Initiate of Hepliaklqana.
             Mangled by NoiZ's ghost (18 damage)
             ... on level 3 of the Dungeon.
             The game lasted 00:05:25 (3554 turns).

Kriby the Poker (Merfolk Skald)                     Turns: 3554, Time: 00:05:25

Health: -7/58      AC: 23    Str: 13      XL:     6   Next: 2%
Magic:  9/9        EV:  2    Int: 11 (12) God:    Hepliaklqana [......]
Gold:   39         SH:  7    Dex: 14      Spells: 8/9 levels left

rFire    . . .     SeeInvis .   c - +0 trident
rCold    . . .     Gourm    .   e - +0 shield
rNeg     + + +     Faith    .   (armour currently unavailable)
rPois    +         Spirit   .   (helmet currently unavailable)
rElec    .         Reflect  .   (cloak currently unavailable)
rCorr    .         Harm     .   (gloves currently unavailable)
MR       .....     NoTele   +   (boots currently unavailable)
Stlth    +.........             (no amulet)
HPRegen  0.19/turn              (no ring)
MPRegen  0.11/turn              (no ring)

@: tree-form
A: (change form in water), (swift swim), (stealthy swim), reduced essence
a: Recall Ancestor, Ancestor Identity, Renounce Religion


You were on level 3 of the Dungeon.
You worshipped Hepliaklqana.
Hepliaklqana was noncommittal.
You were not hungry.
You were a tree.
You visited 1 branch of the dungeon, and saw 3 of its levels.

You collected 39 gold pieces.

Inventory:

Hand Weapons
 a - a +0 spear
 c - a +0 trident (weapon)
Missiles
 h - 2 javelins (quivered)
 k - 2 tomahawks of returning
Armour
 b - a +0 leather armour (melded)
 e - a +0 shield (worn)
 f - a +0 pair of gloves (melded)
 l - a +0 pair of boots (melded)
Potions
 i - a potion of flight
 j - 2 potions of degeneration
Comestibles
 d - 3 rations {@e1}


   Skills:
 - Level 2.1 Fighting
 * Level 7.4 Polearms
 - Level 0.6 Armour
 + Level 5.0 Dodging
 - Level 2.0 Spellcasting
 - Level 3.2 Charms


You had 8 spell levels left.
You knew the following spells:

 Your Spells              Type           Power        Failure   Level  Hunger
a - Infusion              Chrm           #...         47%         1    ##.....

Your spell library contained the following spells:

 Spells                   Type           Power        Failure   Level  Hunger
 Regeneration             Chrm/Necr      #.........   97%         3    ####...
 Shroud of Golubria       Chrm/Tloc      #.........   85%         2    ###....
 Song of Slaying          Chrm           #.......     63%         2    ###....
 Spectral Weapon          Hex/Chrm       #.......     97%         3    ####...


Dungeon Overview and Level Annotations

Branches:
Dungeon (3/15)

Altars:
Hepliaklqana

Annotations:
D:2 Sigmund
D:3 NoiZ's ghost, amateur OpFE


Message History

Demise barely misses NoiZ's ghost.
You puncture the orc!
You kill the orc!
NoiZ's ghost closely misses Demise.
Demise hits NoiZ's ghost.
Attack whom?
Press: ? - help, Dir - move target cursor, f - NoiZ's ghost
Aim: NoiZ's ghost, wielding a weapon of electrocution (moderately damaged)
You could not reach far enough!
NoiZ's ghost stares at you and mumbles some strange words.
The flame tongue hits Demise.
Demise resists.
Demise is destroyed!
Attack whom?
Press: ? - help, Dir - move target cursor, f/p - NoiZ's ghost
Aim: NoiZ's ghost, wielding a weapon of electrocution (moderately damaged)
You reach to attack!
You puncture NoiZ's ghost!
NoiZ's ghost is heavily damaged.
NoiZ's ghost hits you but does no damage.
You are electrocuted!
You die...

......................+......
......##......#.......#......
...#.. +.........%...<.......
...#.# #..?...##.#...%.......
.. #. ##o.....# #...........
..... .......................
.... ##.#########.#...#####.
....####.........W.....#
#......#......).♣.......
+...............).......
#........................
........................
..#............###......
#..........(..##.....?
#.....................
#...##.....((......... .....
#...............


You could see NoiZ's ghost.

Vanquished Creatures
  An orc priest (D:2)
  An iguana (D:3)
  Natasha (twice) (D:3)
  3 adders (D:2)
  3 worms
  A dart slug (D:2)
  2 leopard geckos
  5 orcs
  2 giant cockroaches
  3 goblins (D:2)
  7 hobgoblins
  3 jackals (D:2)
  10 bats
  5 frilled lizards
  7 kobolds
  6 rats
61 creatures vanquished.

Vanquished Creatures (collateral kills)
  Natasha (D:3)
1 creature vanquished.

Vanquished Creatures (others)
  3 ancestors (D:3)
3 creatures vanquished.

Grand Total: 65 creatures vanquished

Notes
Turn   | Place    | Note
-------+----------+-------------------------------------------
     0 | D:1      | Kriby the Merfolk Skald began the quest for the Orb.
     0 | D:1      | Reached XP level 1. HP: 16/16 MP: 3/3
   202 | D:1      | Reached XP level 2. HP: 22/22 MP: 5/5
   367 | D:1      | Reached skill level 4 in Polearms
   861 | D:2      | Reached XP level 3. HP: 26/27 MP: 6/6
  1397 | D:2      | Reached skill level 5 in Polearms
  1493 | D:2      | Reached XP level 4. HP: 23/33 MP: 7/7
  2105 | D:2      | Noticed Sigmund
  2211 | D:3      | Noticed Natasha
  2229 | D:3      | Killed Natasha
  2229 | D:3      | Reached skill level 6 in Polearms
  2245 | D:3      | Reached XP level 5. HP: 2/38 MP: 8/8
  2248 | D:3      | Noticed Natasha
  2616 | D:3      | Killed Natasha
  2860 | D:2      | Reached skill level 7 in Polearms
  3168 | D:2      | Found a hazy altar of Hepliaklqana.
  3205 | D:2      | Became a worshipper of Hepliaklqana the Forgotten
  3414 | D:3      | Noticed Natasha
  3416 | D:3      | Noticed NoiZ's ghost (amateur OpFE)
  3420 | D:3      | Killed Natasha
  3420 | D:3      | Reached skill level 5 in Dodging
  3499 | D:3      | Reached XP level 6. HP: 36/39 MP: 9/9
  3554 | D:3      | Mangled by NoiZ's ghost

Vault maps used:
D:1:      lemuel_arrival_room
D:2:      old_standard_altar, uniq_sigmund
D:3:      first_ration, minmay_misc_feat_nine_boxes, uniq_natasha

Skill      XL: |  1  2  3  4  5 |
---------------+----------------+-----
Dodging        | 3 4 5 |  5.0
Polearms       | 4 5 6 7 |  7.4
Fighting       | |  2.1
Armour         | |  0.6
Spellcasting   | |  2.0
Charms         | |  3.2

Action                   |  1- 3 |  4- 6 || total
-------------------------+-------+-------++-------
Melee: Spear             |   187 |   119 ||   306
       Trident           |       |    49 ||    49
Invok: Ancestor Identity |       |     1 ||     1
  Use: Potion            |       |     6 ||     6
       Scroll            |       |     2 ||     2
 Stab: Sleeping          |     2 |       ||     2
       Distracted        |       |     1 ||     1
  Eat: Chunk             |     2 |     7 ||     9
Armor: Leather armour    |    32 |    28 ||    60
       Skin              |       |    25 ||    25
Dodge: Dodged            |    45 |    72 ||   117
Block: Shield            |    24 |    36 ||    60

Table legend:
 A = Spawn XP
 B = Non-spawn XP
 C = Spawn XP percentage of total XP
 D = Spawn monster count
 E = Non-spawn monster count
 F = Spawn count percentage of total count
 G = Total turns spent on level
                    A         B        C        D         E        F      G
               +---------+---------+-------+---------+---------+-------+---------
         Total |       0 |     326 |   0.0 |       0 |      62 |   0.0 |  3554
               +---------+---------+-------+---------+---------+-------+---------
           D:1 |       0 |      33 |   0.0 |       0 |      21 |   0.0 |  1183
           D:2 |       0 |     141 |   0.0 |       0 |      33 |   0.0 |  2157
           D:3 |       0 |     152 |   0.0 |       0 |       8 |   0.0 |   214
               +---------+---------+-------+---------+---------+-------+---------
